 Dungeon Crawl Stone Soup version 0.32-a0-685-g93135e86f0 (webtiles) character file.

Game seed: 2806287243791516262

9986 Chimkentus the Jinx (level 11, -5/50 HPs)
             Began as a Spriggan Enchanter on Mar 13, 2024.
             Was a Follower of Dithmenos.
             Killed from afar by an oklob plant (26 damage)
             ... with a splash of acid
             ... on level 1 of the Lair of Beasts.
             The game lasted 01:06:47 (9840 turns).

Chimkentus the Jinx (Spriggan Enchanter)            Turns: 9840, Time: 01:06:48

Health: -5/50      AC:  0    Str:  4    XL:     11   Next: 30%
Magic:  25/25      EV: 23    Int: 30    God:    Dithmenos [*.....]
Gold:   342        SH:  0    Dex: 16    Spells: 14/28 levels left

rFire   . . .        k - +2 dagger (protect)
rCold   + . .        H - orb {*channel}
rNeg    . . .        n - +0 troll leather armour
rPois   .            t - +0 hat
rElec   .            N - scarf of Parlour Games {repulsion, rC+ Int+3}
rCorr   .            (gloves unavailable)
SInv    +            (boots unavailable)
Will    +....        (no amulet)
Stlth   ++++         h - +6 ring of intelligence
HPRegen 1.08/turn    q - +5 ring of evasion
MPRegen 0.19/turn

%: repel missiles, channel magic (20%)
@: corroded, wreathed by umbra, studying Earth Magic, very quick
A: very small, no large weapons, unfitting armour, see invisible, speed 3
a: Renounce Religion


You were on level 1 of the Lair of Beasts.
You worshipped Dithmenos.
Dithmenos was aware of your devotion.
You visited 3 branches of the dungeon, and saw 10 of its levels.

You collected 456 gold pieces.
You spent 114 gold pieces at shops.

Inventory:

Hand Weapons
 a - a +1 rapier of speed
 j - a +0 dagger of venom
 k - a +2 dagger of protection (weapon)
 z - a +0 shortbow
 F - a +2 dagger of holy wrath
Missiles
 u - 4 boomerangs
 E - 7 poisoned darts (quivered)
Armour
 m - a +0 cloak
 n - a +0 troll leather armour (worn)
 t - a +0 hat (worn)
 G - a +0 buckler
 H - an orb of energy (worn)
 L - an orb of guile
 N - the scarf of Parlour Games (worn) {repulsion, rC+ Int+3}
   (You acquired it on level 8 of the Dungeon)

   Int+3:     It affects your intelligence (+3).
   rC+:       It protects you from cold.
Magical Staves
 w - a staff of death
Jewellery
 h - a +6 ring of intelligence (left hand)
 q - a +5 ring of evasion (right hand)
 C - a ring of fire
Talismans
 f - a flux talisman
Wands
 b - a wand of flame (16)
 r - a wand of quicksilver (28)
 s - a wand of roots (2)
Scrolls
 d - 2 scrolls of immolation
 e - 2 scrolls of revelation
 g - 4 scrolls of blinking
 i - 9 scrolls of teleportation
 l - a scroll of torment {unknown}
 o - a scroll of fear
 p - 2 scrolls of vulnerability
 y - 2 scrolls of amnesia {unknown}
 A - a scroll of fog {unknown}
 I - a scroll of enchant weapon {unknown}
Potions
 c - 4 potions of invisibility
 v - a potion of lignification
 x - a potion of haste
 B - a potion of curing {unknown}
 D - 3 potions of might
 J - a potion of brilliance {unknown}
 K - a potion of attraction {unknown}
 M - 2 potions of magic {unknown}


   Skills:
 + Level 2.0 Fighting
 + Level 4.9 Short Blades
 + Level 0.3 Throwing
 + Level 1.4 Armour
 + Level 5.0 Dodging
 - Level 6.6 Stealth
 + Level 9.3 Spellcasting
 + Level 0.2 Conjurations
 * Level 13.2 Hexes
 + Level 3.1 Ice Magic
 * Level 6.3 Earth Magic
 * Level 8.2 Evocations


You had 14 spell levels left.
You knew the following spells:

 Your Spells              Type           Power      Damage    Failure   Level
a - Ensorcelled Hibernat  Hex/Ice        100%       N/A       3%          2
b - Confusing Touch       Hex            75%        N/A       1%          3
c - Tukima's Dance        Hex            75%        N/A       1%          3
d - Dazzling Flash        Conj/Hex       100%       N/A       6%          3
e - Passwall              Erth           51%        N/A       6%          3

Your spell library contained the following spells:

 Spells                   Type           Power      Damage    Failure   Level
 Metabolic Englaciation   Hex/Ice        29%        N/A       17%         5
 Leda's Liquefaction      Alch/Erth      16%        N/A       36%         4
 Petrify                  Alch/Erth      33%        N/A       36%         4
 Swiftness                Air            14%        N/A       38%         3
 Ignite Poison            Fire/Alch      14%        N/A       75%         4
 Sticky Flame             Fire/Alch      14%        2d5       75%         4
 Ignition                 Fire           7%         3d4       100%        8


Dungeon Overview and Level Annotations

Branches:
Dungeon (8/15)             Temple (1/1) D:5            Lair (1/5) D:8

Altars:
Ashenzari
Cheibriados
Dithmenos
Elyvilon
Fedhas
Gozag
Hepliaklqana
Kikubaaqudgha
Nemelex Xobeh
Okawaru
Ru
Sif Muna
Trog
Vehumet
Wu Jian
Xom
Yredelemnul
Zin
The Shining One

Shops:
D:1 ?   D:5 ?

Annotations:
D:8 3 runed translucent doors, exclusion: electric eel, Implojin's ghost, novice CoDe; Rudyous's ghost, novice MDFE; Sirjeffry24's ghost, novice DsFi; Zeldest's ghost, novice CoCK; gimp's ghost, novice KoEE
Lair:1 exclusion: 2 oklob plants


Innate Abilities, Weirdness & Mutations

You are very small and have problems with some larger weapons.
You are too small for most types of armour.
You have supernaturally acute eyesight. (SInv)
You cover ground extremely quickly. (Speed+++)


Message History

You hit the polar bear but do no damage.
The polar bear is moderately wounded.
You hit the polar bear but do no damage.
The polar bear is moderately wounded.
You hit the polar bear.
The polar bear is moderately wounded.
You hit the polar bear.
The polar bear is moderately wounded.
You catch the helpless polar bear completely off-guard!
You impale the polar bear!!
The polar bear is almost dead.
The polar bear closely misses you. The polar bear completely misses you.
The polar bear misses you.
You hit the polar bear but do no damage.
The polar bear is almost dead.
You catch the helpless polar bear completely off-guard!
You impale the polar bear!!
You kill the polar bear!
Dithmenos accepts your kill.
You see here a +0 rapier.
Found a scale mail.
You see here a +0 scale mail.
You now have 342 gold pieces (gained 14).
Found a blossoming altar of Fedhas.
An oklob plant comes into view.
Found 22 gold pieces.
Marking area around an oklob plant as unsafe for travelling.
No reachable target in view!
An oklob plant comes into view.
Found 12 gold pieces.
Marking area around an oklob plant as unsafe for travelling.
The oklob plant spits acid at you. The splash of acid hits you!!
Ouch! That really hurt!
The acid corrodes you!
Unknown command.
The oklob plant spits acid at you. The splash of acid hits you!!
Ouch! That really hurt!
You die...

#......# #.....##
#.....# #.....#
♣♣♣ #.....#
♣♣♣♣♣♣♣.♣♣ #....##
♣♣$$P♣♣.♣.♣ #....#
♣$_.♣ ♣♣.♣♣##....#
♣$$@♣♣♣.♣.♣#.[...#
♣P♣..♣.♣♣.♣#.....#
♣♣♣♣♣.♣.♣♣.......#
♣♣.♣♣♣♣#####.# ♣♣♣
#.# .# .#


You could see 2 oklob plants.

Vanquished Creatures
  Pikel (D:7)
  A cyclops (D:6)
  Maurice (D:7)
  A torpor snail (Lair:1)
  A black mamba (Lair:1)
  A cane toad (Lair:1)
  2 komodo dragons (Lair:1)
  A polar bear (Lair:1)
  A blink frog (Lair:1)
  5 spriggans (Lair:1)
  4 yaks (D:8)
  5 water moccasins
  An orc warrior (D:8)
  3 ice beasts
  3 black bears
  3 wolves
  A centaur (D:4)
  3 bullfrogs
  2 gnoll sergeants (D:6)
  2 scorpions (D:6)
  8 howler monkeys
  An electric eel (D:8)
  2 bombardier beetles
  4 hounds (D:6)
  2 jellies
  5 orc priests
  2 iguanas
  Ijyb (D:4)
  12 orc wizards
  5 gnolls
  3 adders
  2 shadow imps
  A white imp (D:8)
  4 dart slugs
  2 ribbon worms
  18 orcs
  7 ball pythons
  5 endoplasms
  7 giant cockroaches
  9 goblins
  3 hobgoblins
  7 jackals
  6 kobolds
  6 quokkas
  8 bats
  4 frilled lizards
  5 rats
181 creatures vanquished.

Vanquished Creatures (collateral kills)
  Jeremiah (D:7)
  2 spriggans (Lair:1)
  A water moccasin (D:8)
  9 ogres (D:6)
  A kobold brigand (D:6)
  Blork the orc (D:6)
  4 gnoll sergeants
  4 howler monkeys
  2 hounds (D:6)
  3 orc priests (D:6)
  3 gnoll boudas (D:6)
  4 orc wizards
  14 gnolls
  21 orcs
  2 goblins (D:4)
  5 kobolds
77 creatures vanquished.

Vanquished Creatures (others)
  7 dancing weapons
7 creatures vanquished.

Grand Total: 265 creatures vanquished

Notes
Turn   | Place    | Note
-------+----------+-------------------------------------------
     0 | D:1      | Chimkentus the Spriggan Enchanter began the quest for the
                  | Orb.
     0 | D:1      | Reached XP level 1. HP: 9/9 MP: 5/5
   108 | D:1      | Reached skill level 4 in Hexes
   145 | D:1      | Reached XP level 2. HP: 10/13 MP: 6/6
   148 | D:1      | Learned a level 2 spell: Ensorcelled Hibernation
   502 | D:1      | Reached XP level 3. HP: 16/16 MP: 8/8
   536 | D:1      | Learned a level 3 spell: Confusing Touch
   694 | D:1      | Found Ykhoset's Magic Scroll Emporium.
   697 | D:1      | Bought a scroll of identify for 24 gold pieces
   765 | D:1      | Found a faded altar of an unknown god.
  1488 | D:2      | Learned a level 3 spell: Tukima's Dance
  1650 | D:3      | Reached XP level 4. HP: 21/21 MP: 2/9
  1871 | D:3      | Found an ornate altar of the Wu Jian Council.
  1877 | D:3      | Reached skill level 5 in Hexes
  1893 | D:3      | Found a blossoming altar of Fedhas.
  2110 | D:3      | Reached XP level 5. HP: 25/25 MP: 7/10
  2162 | D:3      | Reached skill level 1 in Ice Magic
  2573 | D:1      | Bought a scroll of blinking for 90 gold pieces
  2637 | D:4      | Noticed a black bear
  2983 | D:4      | Noticed Ijyb
  3080 | D:4      | Reached XP level 6. HP: 29/29 MP: 7/13
  3085 | D:4      | Reached skill level 6 in Hexes
  3266 | D:4      | Killed Ijyb
  3677 | D:5      | Entered Level 5 of the Dungeon
  3760 | D:5      | Noticed an ice beast
  3767 | D:5      | Killed an ice beast
  3768 | D:5      | Reached XP level 7. HP: 32/32 MP: 13/15
  3781 | D:5      | Reached skill level 5 in Spellcasting
  3781 | D:5      | Reached skill level 7 in Hexes
  4086 | D:5      | Reached skill level 1 in Evocations
  4310 | D:5      | Learned a level 3 spell: Dazzling Flash
  4314 | D:5      | Learned a level 3 spell: Passwall
  4501 | D:5      | Found Giegog's Magic Scroll Shop.
  4634 | D:5      | Reached skill level 8 in Hexes
  4730 | D:5      | Found a staircase to the Ecumenical Temple.
  4747 | Temple   | Entered the Ecumenical Temple
  4821 | D:6      | Reached skill level 5 in Stealth
  4826 | D:6      | Reached XP level 8. HP: 37/37 MP: 10/17
  4906 | D:6      | Reached skill level 1 in Fighting
  4917 | D:6      | Reached skill level 1 in Earth Magic
  5359 | D:6      | Found an iron altar of Okawaru.
  5470 | D:6      | Reached skill level 9 in Hexes
  5762 | D:6      | Reached XP level 9. HP: 41/41 MP: 14/20
  6024 | D:6      | Reached skill level 10 in Hexes
  6026 | D:6      | Noticed Blork the orc
  6045 | D:6      | Killed Blork the orc
  6216 | D:6      | Reached skill level 5 in Evocations
  6443 | D:6      | Reached skill level 11 in Hexes
  6744 | D:6      | Noticed a cyclops
  7078 | D:6      | Killed a cyclops
  7169 | D:7      | Reached XP level 10. HP: 45/46 MP: 19/22
  7192 | D:7      | Noticed Jeremiah
  7213 | D:7      | Killed Jeremiah
  7346 | D:7      | Found an ancient bone altar of Kikubaaqudgha.
  7349 | D:7      | Found a shadowy altar of Dithmenos.
  7354 | D:7      | Found a sparkling altar of Nemelex Xobeh.
  7368 | D:7      | Found a bloodstained altar of Trog.
  7374 | D:7      | Became a worshipper of Dithmenos the Shadowed
  7584 | D:7      | Identified 2 scrolls of acquirement
  7623 | D:7      | Noticed Maurice
  7627 | D:7      | Killed Maurice
  7628 | D:7      | Reached skill level 1 in Armour
  7843 | D:7      | Found a snail-covered altar of Cheibriados.
  7888 | D:7      | Noticed Pikel
  7898 | D:7      | Killed Pikel
  8255 | D:8      | Acquired the scarf of Parlour Games {repulsion, rC+ Int+3}
  8257 | D:8      | Acquired a manual of Earth Magic
  8280 | D:8      | Found a broken altar of Ashenzari.
  8285 | D:8      | Saw a vision of the Shoals and the Spider Nest.
  8285 | D:8      | Noticed a manticore
  8285 | D:8      | Noticed a cyclops
  8285 | D:8      | Noticed a manticore
  8285 | D:8      | Noticed a water nymph
  8285 | D:8      | Noticed a water nymph
  8285 | D:8      | Noticed a water nymph
  8285 | D:8      | Noticed a skyshark
  8285 | D:8      | Noticed a demonic crawler
  8285 | D:8      | Noticed a torpor snail
  8285 | D:8      | Noticed an orb spider
  8285 | D:8      | Noticed a moth of wrath
  8285 | D:8      | Noticed a demonic crawler
  8286 | D:8      | Noticed a ghost moth
  8286 | D:8      | Noticed a wolf spider
  8286 | D:8      | Noticed a merfolk aquamancer
  8288 | D:8      | Noticed a steelbarb worm
  8342 | D:8      | Reached skill level 12 in Hexes
  8397 | D:8      | Found a staircase to the Lair.
  8586 | D:8      | Found a runed translucent gate.
  8587 | D:8      | Found a runed translucent gate.
  8587 | D:8      | Found a runed translucent gate.
  8588 | D:8      | Noticed Sirjeffry24's ghost (novice DsFi)
  8588 | D:8      | Noticed gimp's ghost (novice KoEE)
  8588 | D:8      | Noticed Rudyous's ghost (novice MDFE)
  8588 | D:8      | Noticed Implojin's ghost (novice CoDe)
  8588 | D:8      | Noticed Zeldest's ghost (novice CoCK)
  8824 | D:8      | Reached * piety under Dithmenos
  8847 | D:8      | Reached skill level 5 in Earth Magic
  8931 | D:8      | Found a glowing golden altar of the Shining One.
  9254 | Lair:1   | Entered Level 1 of the Lair of Beasts
  9293 | Lair:1   | Noticed a black mamba
  9317 | Lair:1   | Killed a black mamba
  9408 | Lair:1   | Reached XP level 11. HP: 46/50 MP: 4/25
  9555 | Lair:1   | Reached skill level 13 in Hexes
  9649 | Lair:1   | Reached skill level 5 in Dodging
  9834 | Lair:1   | Found a blossoming altar of Fedhas.
  9837 | Lair:1   | Noticed an oklob plant
  9838 | Lair:1   | Noticed an oklob plant
  9840 | Lair:1   | Killed from afar by an oklob plant

Illustrated notes

Levels and vault maps discovered:
D:1:      heliophobic_arrival_ceremonial_halls, layout_rooms, serial_shops,
          nicolae_shop_rolled_up, dilly_ecumenical_altar_fadedgnrine
D:2:      layout_basic
D:3:      layout_basic, grunt_temple_overflow_open, grunt_ministairs_10,
          kennysheep_doodads, dreamdust_mushroom_princess
D:4:      layout_cave_pools, uniq_ijyb
D:5:      minmay_evil_eye, layout_loops_ring, minmay_temple_entry_hall,
          serial_shops, shop, nicolae_zig_zag_zippers
D:6:      lemuel_castle_with_subvaults [lemuel_castle_interior_carwin_1],
          layout_cave_pods, okawaru_trees_2, minmay_misc_feat_roman,
          kennysheep_generic_room_8, uniq_blork_the_orc
D:7:      layout_basic, cheibriados_altar_1, grunt_temple_overflow_cloverleaf,
          uniq_jeremiah, uniq_pikel, uniq_maurice
D:8:      statuecave_lemuel, layout_rooms, mainiacjoe_overflow_alcove_1,
          grunt_ashenzari_visionary [grunt_ashenzari_visionary_shoals,
          grunt_ashenzari_visionary_spider], erik_lair_orcish_takeover,
          gammafunk_ghost_cemetery, nicolae_titane
Temple:   chequers_temple_sunken
Lair:1:   kb_forest_paths, layout_chaotic_city, roderic_batcave,
          hangedman_tree_tricks

Skill      XL: |  1  2  3  4  5  6  7  8  9 10 11 |
---------------+----------------------------------+-----
Hexes          | 4 5 6 8 9 11 12 13 | 13.2
Dodging        | 3 4 5 |  5.0
Short Blades   | 2 3 4 |  4.9
Spellcasting   | 3 4 5 6 7 9 |  9.3
Ice Magic      | 1 2 3 |  3.1
Evocations     | 1 4 5 7 8 |  8.2
Stealth        | 5 6 |  6.6
Fighting       | 1 2 |  2.0
Earth Magic    | 2 3 5 6 |  6.3
Armour         | 1 |  1.4
Throwing       | |  0.3
Conjurations   | |  0.2

Action                     |  1- 3 |  4- 6 |  7- 9 | 10-12 || total
---------------------------+-------+-------+-------+-------++-------
  Melee: Dagger            |   165 |    90 |   201 |   147 ||   603
  Throw: Dart              |       |       |    12 |       ||    12
   Cast: Ensorcelled Hiber |     8 |    31 |    34 |    29 ||   102
         Tukima's Dance    |     2 |    10 |    53 |    27 ||    92
         Confusing Touch   |       |       |     8 |     4 ||    12
         Dazzling Flash    |       |       |     1 |    20 ||    21
  Evoke: Wand              |       |     5 |     9 |    10 ||    24
    Use: Scroll            |     1 |     4 |     2 |     4 ||    11
         Potion            |       |       |     1 |       ||     1
   Stab: Sleeping          |    15 |    25 |    25 |    20 ||    85
         Distracted        |     1 |       |     3 |     1 ||     5
         Confused          |       |       |     5 |     3 ||     8
         Invisible         |       |       |       |    12 ||    12
 Armour: Robe              |    43 |    21 |     9 |       ||    73
         Troll leather arm |       |       |    35 |    29 ||    64
  Dodge: Dodged            |   119 |    76 |   136 |   117 ||   448

Table legend: (Time is in decaauts)
 A = Elapsed time spent in this place.
 B = Non-inter-level travel time spent in this place.
 C = Inter-level travel time spent in this place.
 D = Time resting spent in this place.
 E = Time spent auto-exploring this place.
 F = Levels seen in this place.
 G = Mean time per level.
                   A        B        C        D        E       F      G
               +--------+--------+--------+--------+--------+-----+--------+
         Total |   7431 |   7008 |    423 |    305 |   4735 |  10 |  743.1 |
       Dungeon |   6922 |   6499 |    423 |    305 |   4370 |   8 |  865.2 |
        Temple |      1 |      1 |      0 |      0 |      0 |   1 |    1.0 |
          Lair |    507 |    507 |      0 |      0 |    364 |   1 |  507.0 |
               +--------+--------+--------+--------+--------+-----+--------+

Top non-repeatable levels by time:
     D:6: 1866 daAuts
     D:3: 1024 daAuts
     D:8: 764 daAuts
     D:4: 764 daAuts
     D:7: 710 daAuts
     D:5: 700 daAuts
     D:1: 616 daAuts
  Lair:1: 507 daAuts
     D:2: 474 daAuts
  Temple: 1 daAuts
